[ AOE2 MATCH · #507142520 ]
UnrankedShu vs Huns
Player's team · WIN
[ REPLAY ANALYSIS · EXTRACTED FROM THE RECORDED GAME ]
Feudal
10:26
Castle
21:47
Imperial
39:58
| APM avg | 77.9 |
| APM peak | 129 |
| eAPM avg | 47.6 |
| Villagers / military | 123 / 135 |
Focus
⚔️ 68.3% · 🌾 31.7%
Archer ×104 · Petard ×11 · Mangonel ×8 · Skirmisher ×6 · Militia ×4 · Unknown (1942) ×2
Feudal
8:30
Castle
21:07
Imperial
—
| APM avg | 62.4 |
| APM peak | 92 |
| eAPM avg | 35.6 |
| Villagers / military | 135 / 107 |
Focus
⚔️ 30.3% · 🌾 69.7%
Archer ×76 · Petard ×14 · Mangonel ×11 · Scorpion ×3 · Cavalry Archer ×3
Match map
Initial resources + every placement click. Lines = walls · curves = elevation contours. ◆ gold · ⬟ stone · ● berries · ✦ relic · ◌ wall gap
Your base· ✓ Closed at 21:47 · 30t walls · no gate
Ema's base· ✓ Closed at 21:07 · 69t walls · no gate
Smoothed initial terrain · ◌ = detected wall gap · hover for details
Inputs per minute
— KIV.YourAddHere - - Ema
Build order — KIV.YourAddHere
First 150 of 291 actions detected
| 0:00 | Create | Villager (Male) |
| 0:01 | Create | Villager (Male) |
| 0:02 | Build | House |
| 0:03 | Build | House |
| 0:18 | Create | Villager (Male) |
| 0:18 | Create | Villager (Male) |
| 0:18 | Create | Villager (Male) |
| 1:32 | Create | Villager (Male) |
| 1:32 | Create | Villager (Male) |
| 2:03 | Create | Villager (Male) |
| 2:03 | Create | Villager (Male) |
| 2:03 | Create | Villager (Male) |
| 2:32 | Create | Villager (Male) |
| 2:32 | Create | Villager (Male) |
| 2:45 | Build | Barracks |
| 2:49 | Create | Villager (Male) |
| 2:49 | Create | Villager (Male) |
| 3:14 | Create | Villager (Male) |
| 3:20 | Build | House |
| 3:43 | Create | Villager (Male) |
| 3:44 | Create | Villager (Male) |
| 3:44 | Create | Villager (Male) |
| 4:05 | Create | Militia |
| 4:07 | Research | Loom |
| 4:26 | Create | Villager (Male) |
| 4:30 | Create | Militia |
| 4:33 | Create | Villager (Male) |
| 4:34 | Create | Villager (Male) |
| 4:34 | Create | Villager (Male) |
| 4:43 | Build | House |
| 5:08 | Create | Villager (Male) |
| 5:43 | Create | Villager (Male) |
| 6:10 | Create | Villager (Male) |
| 6:28 | Create | Villager (Male) |
| 6:59 | Create | Villager (Male) |
| 7:04 | Build | House |
| 7:30 | Build | Mill |
| 7:35 | Create | Villager (Male) |
| 8:16 | Research | Feudal Age |
| 8:25 | Create | Militia |
| 8:47 | Create | Militia |
| 8:50 | Build | Mining Camp |
| 9:35 | Build | Lumber Camp |
| 10:12 | Create | Villager (Male) |
| 10:15 | Build | House |
| 10:26 | Age | Feudal Age |
| 10:26 | Research | Man-at-Arms (upgrade) |
| 10:27 | Research | Man-at-Arms (upgrade) |
| 10:31 | Research | Double-Bit Axe |
| 10:33 | Research | Horse Collar |
| 10:35 | Build | Palisade Wall |
| 10:43 | Create | Villager (Male) |
| 11:05 | Build | Farm |
| 11:15 | Create | Villager (Male) |
| 11:32 | Build | Archery Range |
| 11:35 | Build | Palisade Wall |
| 11:43 | Create | Villager (Male) |
| 11:45 | Build | Farm |
| 11:56 | Create | Villager (Male) |
| 12:01 | Build | House |
| 12:05 | Build | Watch Tower |
| 12:10 | Build | Palisade Wall |
| 12:21 | Build | House |
| 12:22 | Build | Palisade Wall |
| 12:22 | Build | Palisade Wall |
| 12:24 | Build | House |
| 12:27 | Create | Archer ×2 |
| 12:34 | Create | Villager (Male) |
| 12:45 | Build | Farm |
| 12:52 | Create | Villager (Male) |
| 13:06 | Create | Skirmisher |
| 13:08 | Build | Farm |
| 13:14 | Create | Skirmisher |
| 13:30 | Create | Villager (Male) |
| 13:33 | Build | Farm |
| 13:38 | Build | Palisade Wall |
| 13:42 | Create | Skirmisher |
| 13:50 | Create | Archer |
| 13:50 | Create | Skirmisher |
| 13:52 | Create | Archer |
| 13:52 | Create | Skirmisher |
| 14:00 | Create | Villager (Male) |
| 14:04 | Build | Farm |
| 14:26 | Create | Villager (Male) |
| 14:30 | Build | Farm |
| 14:39 | Create | Villager (Male) |
| 14:52 | Build | Blacksmith |
| 14:54 | Create | Villager (Male) |
| 14:58 | Build | Farm |
| 15:10 | Create | Villager (Male) |
| 15:18 | Build | Farm |
| 15:25 | Build | Farm |
| 15:26 | Create | Villager (Male) |
| 15:46 | Create | Villager (Male) |
| 15:48 | Build | Farm |
| 16:01 | Create | Villager (Male) |
| 16:14 | Research | Wheelbarrow |
| 16:25 | Build | Lumber Camp |
| 16:58 | Build | Market |
| 17:01 | Build | House |
| 17:03 | Build | House |
| 17:05 | Build | Palisade Wall |
| 17:12 | Research | Town Watch |
| 17:14 | Research | Wheelbarrow |
| 17:48 | Build | House |
| 17:50 | Create | Skirmisher |
| 17:54 | Build | House |
| 17:56 | Build | House |
| 18:08 | Build | House |
| 18:09 | Build | House |
| 18:20 | Build | House |
| 18:22 | Build | House |
| 19:07 | Research | Castle Age |
| 19:17 | Build | Farm |
| 19:41 | Create | Villager (Male) |
| 19:43 | Build | Archery Range |
| 19:46 | Build | Archery Range |
| 19:49 | Create | Archer |
| 19:49 | Create | Archer |
| 19:49 | Create | Archer |
| 20:08 | Research | Fletching |
| 20:11 | Create | Archer |
| 20:11 | Create | Archer |
| 20:27 | Create | Archer |
| 20:34 | Build | House |
| 20:40 | Research | Padded Archer Armor |
| 20:45 | Create | Archer |
| 20:51 | Build | House |
| 20:52 | Build | House |
| 20:53 | Build | House |
| 20:53 | Build | House |
| 20:57 | Build | House |
| 20:57 | Build | House |
| 20:58 | Build | House |
| 20:59 | Build | House |
| 21:00 | Build | Palisade Wall |
| 21:01 | Build | Palisade Wall |
| 21:09 | Create | Archer ×3 |
| 21:24 | Create | Archer ×2 |
| 21:24 | Create | Archer ×2 |
| 21:24 | Create | Archer ×2 |
| 21:47 | Age | Castle Age |
| 21:48 | Build | Mining Camp |
| 21:50 | Research | Crossbowman (upgrade) |
| 21:50 | Research | Crossbowman (upgrade) |
| 21:57 | Build | Lumber Camp |
| 22:13 | Create | Archer |
| 22:14 | Create | Archer |
| 22:14 | Create | Villager (Male) |
| 22:24 | Build | University |
Build order — Ema
First 150 of 398 actions detected
| 0:00 | Create | Villager (Male) |
| 0:00 | Create | Villager (Male) |
| 0:01 | Create | Villager (Male) |
| 0:01 | Create | Villager (Male) |
| 1:21 | Create | Villager (Male) |
| 1:21 | Create | Villager (Male) |
| 1:21 | Create | Villager (Male) |
| 1:53 | Create | Villager (Male) |
| 1:53 | Create | Villager (Male) |
| 1:53 | Create | Villager (Male) |
| 1:55 | Build | Lumber Camp |
| 2:05 | Create | Villager (Male) |
| 2:06 | Create | Villager (Male) |
| 2:42 | Create | Villager (Male) |
| 3:11 | Create | Villager (Male) |
| 3:11 | Create | Villager (Male) |
| 3:11 | Create | Villager (Male) |
| 3:12 | Create | Villager (Male) |
| 4:05 | Create | Villager (Male) |
| 4:05 | Create | Villager (Male) |
| 4:05 | Create | Villager (Male) |
| 4:24 | Create | Villager (Male) |
| 4:24 | Create | Villager (Male) |
| 4:24 | Create | Villager (Male) |
| 4:54 | Create | Villager (Male) |
| 5:11 | Build | Mill |
| 5:44 | Research | Loom |
| 6:20 | Research | Feudal Age |
| 6:20 | Research | Feudal Age |
| 6:22 | Build | Palisade Wall |
| 6:24 | Build | Palisade Wall |
| 6:26 | Build | Palisade Wall |
| 7:07 | Create | Villager (Male) |
| 7:14 | Build | Barracks |
| 7:16 | Build | Palisade Wall |
| 7:39 | Build | Palisade Wall |
| 8:30 | Age | Feudal Age |
| 8:37 | Create | Villager (Male) |
| 8:49 | Build | Mining Camp |
| 8:51 | Build | Archery Range |
| 8:55 | Build | Palisade Wall |
| 8:56 | Build | Palisade Wall |
| 9:04 | Research | Double-Bit Axe |
| 9:05 | Research | Double-Bit Axe |
| 9:08 | Build | Palisade Wall |
| 9:09 | Build | Palisade Wall |
| 9:11 | Build | Palisade Wall |
| 9:13 | Create | Villager (Male) |
| 9:21 | Build | Palisade Wall |
| 9:22 | Build | Palisade Wall |
| 9:56 | Create | Archer |
| 9:56 | Create | Archer |
| 10:02 | Create | Villager (Male) |
| 10:09 | Build | Farm |
| 10:13 | Create | Archer |
| 10:13 | Create | Archer |
| 10:18 | Create | Villager (Male) |
| 10:19 | Create | Villager (Male) |
| 10:32 | Build | Palisade Wall |
| 10:52 | Create | Archer |
| 10:52 | Create | Archer |
| 10:52 | Create | Archer |
| 11:03 | Build | Palisade Wall |
| 11:06 | Build | Palisade Wall |
| 11:08 | Build | Palisade Wall |
| 11:10 | Build | Palisade Wall |
| 11:15 | Create | Villager (Male) |
| 11:17 | Build | Farm |
| 11:19 | Build | Farm |
| 11:19 | Create | Villager (Male) |
| 11:21 | Create | Archer |
| 11:44 | Build | Blacksmith |
| 11:58 | Build | Palisade Wall |
| 12:01 | Create | Villager (Male) |
| 12:05 | Create | Archer |
| 12:10 | Build | Farm |
| 12:13 | Build | Farm |
| 12:31 | Build | Palisade Wall |
| 12:33 | Build | Palisade Wall |
| 12:36 | Build | Palisade Wall |
| 12:39 | Create | Archer |
| 12:44 | Create | Villager (Male) |
| 12:45 | Create | Villager (Male) |
| 12:56 | Create | Villager (Male) |
| 13:00 | Research | Fletching |
| 13:01 | Research | Fletching |
| 13:02 | Build | Farm |
| 13:11 | Build | Palisade Wall |
| 13:13 | Build | Palisade Wall |
| 13:25 | Build | Farm |
| 13:28 | Create | Archer |
| 13:40 | Build | Farm |
| 13:59 | Build | Palisade Wall |
| 14:05 | Create | Villager (Male) |
| 14:05 | Create | Villager (Male) |
| 14:20 | Create | Archer |
| 14:30 | Research | Wheelbarrow |
| 14:35 | Create | Archer |
| 14:40 | Build | Farm |
| 14:46 | Build | Palisade Wall |
| 15:12 | Build | Lumber Camp |
| 15:28 | Create | Archer |
| 15:38 | Create | Villager (Male) |
| 15:49 | Create | Archer |
| 16:22 | Build | Market |
| 16:28 | Create | Villager (Male) |
| 16:30 | Create | Villager (Male) |
| 16:32 | Create | Archer |
| 16:32 | Create | Archer |
| 16:33 | Create | Archer |
| 16:33 | Create | Archer |
| 16:44 | Build | Farm |
| 16:56 | Build | Palisade Wall |
| 17:06 | Create | Villager (Male) |
| 17:08 | Build | Farm |
| 17:19 | Build | Palisade Wall |
| 17:26 | Create | Archer |
| 17:37 | Build | Stone Wall |
| 18:06 | Build | Stone Wall |
| 18:11 | Build | Stone Wall |
| 18:22 | Create | Archer |
| 18:23 | Create | Archer |
| 18:27 | Research | Castle Age |
| 18:27 | Research | Castle Age |
| 18:32 | Build | Farm |
| 18:42 | Build | Archery Range |
| 18:45 | Create | Archer |
| 18:45 | Create | Archer |
| 18:52 | Research | Horse Collar |
| 19:20 | Research | Gold Mining |
| 19:21 | Research | Gold Mining |
| 19:25 | Create | Archer |
| 19:44 | Create | Archer |
| 19:45 | Build | Farm |
| 19:47 | Create | Archer |
| 19:59 | Create | Archer |
| 20:09 | Build | Farm |
| 20:24 | Build | Palisade Wall |
| 20:26 | Build | Farm |
| 20:28 | Create | Villager (Male) |
| 20:44 | Build | Farm |
| 21:07 | Age | Castle Age |
| 21:09 | Research | Crossbowman (upgrade) |
| 21:09 | Research | Bodkin Arrow |
| 21:10 | Research | Bodkin Arrow |
| 21:13 | Build | University |
| 21:16 | Research | Bow Saw |
| 21:16 | Research | Bow Saw |
| 21:56 | Research | Town Watch |
| 22:08 | Research | Ballistics |
Match timeline
| 2:45 | KIV.YourAddHere · first_building Barracks |
| 6:22 | Ema · wall_segment Palisade Wall x1 |
| 6:24 | Ema · wall_segment Palisade Wall x1 |
| 6:26 | Ema · wall_segment Palisade Wall x1 |
| 7:14 | Ema · first_building Barracks |
| 7:16 | Ema · wall_segment Palisade Wall x3 |
| 7:39 | Ema · wall_segment Palisade Wall x1 |
| 8:30 | Ema · age_up feudal |
| 8:51 | Ema · first_building Archery Range |
| 8:55 | Ema · wall_segment Palisade Wall x1 |
| 8:56 | Ema · wall_segment Palisade Wall x1 |
| 9:08 | Ema · wall_segment Palisade Wall x1 |
| 9:09 | Ema · wall_segment Palisade Wall x1 |
| 9:11 | Ema · wall_segment Palisade Wall x1 |
| 9:21 | Ema · wall_segment Palisade Wall x1 |
| 9:22 | Ema · wall_segment Palisade Wall x1 |
| 10:26 | KIV.YourAddHere · age_up feudal |
| 10:32 | Ema · wall_segment Palisade Wall x5 |
| 10:35 | KIV.YourAddHere · wall_segment Palisade Wall x1 |
| 11:03 | Ema · wall_segment Palisade Wall x1 |
| 11:06 | Ema · wall_segment Palisade Wall x1 |
| 11:08 | Ema · wall_segment Palisade Wall x1 |
| 11:10 | Ema · wall_segment Palisade Wall x1 |
| 11:32 | KIV.YourAddHere · first_building Archery Range |
| 11:35 | KIV.YourAddHere · wall_segment Palisade Wall x1 |
| 11:58 | Ema · wall_segment Palisade Wall x1 |
| 12:10 | KIV.YourAddHere · wall_segment Palisade Wall x8 |
| 12:22 | KIV.YourAddHere · wall_segment Palisade Wall x1 |
| 12:22 | KIV.YourAddHere · wall_segment Palisade Wall x1 |
| 12:31 | Ema · wall_segment Palisade Wall x7 |
| 12:33 | Ema · wall_segment Palisade Wall x2 |
| 12:36 | Ema · wall_segment Palisade Wall x1 |
| 13:11 | Ema · wall_segment Palisade Wall x2 |
| 13:13 | Ema · wall_segment Palisade Wall x3 |
| 13:38 | KIV.YourAddHere · wall_segment Palisade Wall x8 |
| 13:59 | Ema · wall_segment Palisade Wall x7 |
| 14:46 | Ema · wall_segment Palisade Wall x15 |
| 16:56 | Ema · wall_segment Palisade Wall x3 |
| 17:05 | KIV.YourAddHere · wall_segment Palisade Wall x8 |
| 17:19 | Ema · wall_segment Palisade Wall x3 |
| 17:37 | Ema · wall_segment Stone Wall x1 |
| 18:06 | Ema · wall_segment Stone Wall x1 |
| 18:11 | Ema · wall_segment Stone Wall x1 |
| 18:17 | KIV.YourAddHere · first_market_buy 100 food |
| 20:24 | Ema · wall_segment Palisade Wall x1 |
| 20:49 | KIV.YourAddHere · first_market_sell 100 wood |
| 21:00 | KIV.YourAddHere · wall_segment Palisade Wall x1 |
| 21:01 | KIV.YourAddHere · wall_segment Palisade Wall x1 |
| 21:07 | Ema · age_up castle |
| 21:47 | KIV.YourAddHere · age_up castle |
| 22:27 | Ema · first_market_buy 100 wood |
| 25:39 | KIV.YourAddHere · first_building Siege Workshop |
| 27:45 | Ema · first_market_sell 100 wood |
| 30:16 | KIV.YourAddHere · first_building Castle |
| 30:17 | Ema · first_building Siege Workshop |
| 32:04 | Ema · first_building Castle |
| 34:14 | KIV.YourAddHere · wall_segment Palisade Wall x1 |
| 38:36 | KIV.YourAddHere · first_building Monastery |
| 39:54 | Ema · wall_segment Stone Wall x1 |
| 39:55 | Ema · wall_segment Stone Wall x1 |
| 39:58 | KIV.YourAddHere · age_up imperial |
| 40:06 | Ema · resign |
[ AI ANALYSIS · 1 CREDIT ]
What really happened in this match?
Wolo.gg analyzes every decision: build order, eco, micro, common mistakes by bracket. Personalized analysis on WhatsApp or Discord in 30 seconds.
Civ guide
Shu
Perfil
Jugador #389780